 Dungeon Sprint DCSS version 0.31-a0-1581-g41d5ff3e7b (webtiles) character file.

Game seed: 8591272626802747359

362132 Groucho the Intangible (level 16, 55/107 HPs)
             Began as a Felid Berserker on Jan 5, 2024.
             Was an Elder of Trog.
             Escaped with the Orb!
             The game lasted 00:38:30 (6489 turns).

Groucho the Intangible (Felid Berserker)            Turns: 6489, Time: 00:38:30

Health: 55/107     AC:  7    Str: 21    XL:     16   Next: 1%
Magic:  4/17       EV: 52    Int: 10    God:    Trog [****..]
Gold:   1754       SH:  0    Dex: 24    Spells: 15/15 levels left
                                        Lives:  2   Deaths: 1

rFire   . .          .
                       - Unarmed
rCold   + . .        (shield unavailable)
rNeg    + . .        (body armour unavailable)
rPois   .            (helmet unavailable)
rElec   .            (cloak unavailable)
rCorr   .            (gloves unavailable)
SInv    +            (boots unavailable)
Will    ++...        (no amulet)
Stlth   +++          g - ring "Xofemoce" {AC+4 Slay+3}
HPRegen 0.37/turn    I - ring of Suirytam {rN+ EV+5 Str+3}
MPRegen 0.15/turn

%: no teleportation
@: no status effects
A: very small, claws 1, fangs 3, see invisible, shaggy fur 3, stealthy paws, no
weapons or thrown items, no armour, multi-lived, agile 1, sense surroundings 1,
strong 1
0: Orb of Zot
a: Renounce Religion, Berserk, Trog's Hand, Brothers in Arms


You escaped.
You worshipped Trog.
Trog was greatly pleased with you.
You visited 1 branch You collected 5405 gold pieces.
You spent 3651 gold pieces at shops.

Inventory:

Jewellery
 b - a ring of flight
 g - the ring "Xofemoce" (left paw) {AC+4 Slay+3}
   (You bought it in a shop in the Dungeon)

   [ring of protection]

   AC+4:      It affects your AC (+4).
   Slay+3:    It affects your accuracy & damage with ranged weapons and melee
   (+3).
 l - a +4 ring of protection
 q - a ring of resist corrosion
 s - a ring of ice
 v - a ring of poison resistance
 B - the ring "Pubac" {Ice rElec rN+}
   (You bought it in a shop in the Dungeon)

   [ring of ice]

   Ice:       It enhances your ice magic.
   rF-:       It makes you vulnerable to fire.
   rC+:       It protects you from cold.
   rElec:     It insulates you from electricity.
   rN+:       It protects you from negative energy.
 C - the ring "Feecler" {EV+5 SInv}
   (You bought it in a shop in the Dungeon)

   [ring of evasion]

   EV+5:      It affects your evasion (+5).
   SInv:      It lets you see invisible.
 H - a ring of protection from fire
 I - the ring of Suirytam (right paw) {rN+ EV+5 Str+3}
   (You bought it in a shop in the Dungeon)

   [ring of evasion]

   EV+5:      It affects your evasion (+5).
   Str+3:     It affects your strength (+3).
   rN+:       It protects you from negative energy.
 M - an amulet of faith
Wands
 E - a wand of paralysis (10)
 L - a wand of polymorph (4)
Scrolls
 c - 3 scrolls of acquirement {unknown}
 f - 5 scrolls of blinking
 j - 7 scrolls of immolation
 n - 2 scrolls of revelation {unknown}
 o - 2 scrolls of fog {unknown}
 r - 2 scrolls of enchant armour {unknown}
 y - a scroll of brand weapon {unknown}
 z - a scroll of fear {unknown}
 A - 2 scrolls of vulnerability
 F - a scroll of poison
 G - a scroll of torment
Potions
 a - 4 potions of curing
 d - 14 potions of magic
 e - 2 potions of berserk rage
 h - 13 potions of enlightenment
 i - 3 potions of lignification
 k - 3 potions of degeneration
 m - 4 potions of resistance
 p - 3 potions of might
 t - a potion of haste
 u - a potion of attraction
 w - 2 potions of cancellation
 x - 32 potions of mutation
 D - a potion of brilliance
Miscellaneous
 J - a lightning rod (4/4)
 K - a box of beasts
 N - a phial of floods


   Skills:
 + Level 22.2 Fighting
 O Level 27 Dodging
 - Level 25.1 Stealth
 + Level 22.1 Unarmed Combat
 * Level 16.2 Evocations


You had 15 spell levels left.
You didn't know any spells.
Your spell library was empty.

Dungeon Overview and Level Annotations

Branches:
Dungeon (1/1)

Altars:
Cheibriados
Dithmenos
Elyvilon
Fedhas
Gozag
Hepliaklqana
Kikubaaqudgha
Makhleb
Nemelex Xobeh
Okawaru
Qazlal
Ru
Sif Muna
Trog
Uskayaw
Vehumet
Wu Jian
Xom
Yredelemnul
Zin
The Shining One
Jiyva
Lugonu

Shops:
D *[:[[*[*([??*!=:**![?*[(:![=[*[=:[?

Annotations:
D exclusions: oklob plant and orange crystal statue


Innate Abilities, Weirdness & Mutations

You have sharp claws.
You have razor-sharp teeth.
You have supernaturally acute eyesight. (SInv)
Your thick and shaggy fur keeps you warm. (AC +3, rC+)
Your paws help you pounce on unaware monsters.
You are incapable of wielding weapons or throwing items.
You cannot wear armour.
You gain extra lives every three experience levels.
You are agile. (Dex +4, Str/Int -1)
You passively map a small area around you.
Your muscles are strong. (Str +4, Int/Dex -1)


Message History

The lorocyproca hits your ogre!!!
Your ogre dies!
Your ogre's corpse disappears in a puff of smoke!
The lorocyproca completely misses you.
You closely miss the lorocyproca. Your claw misses the lorocyproca.
You barely miss the lorocyproca.
You bite the lorocyproca, but do no damage.
The lorocyproca completely misses you.
You scratch the lorocyproca but do no damage.
You mangle the lorocyproca!!
The lorocyproca is moderately wounded.
The lorocyproca hits you!!
You feel your power leaking away.
You are too injured to fight recklessly!
You are too injured to fight recklessly!
You claw the lorocyproca! You bite the lorocyproca.
The lorocyproca is heavily wounded.
The lorocyproca completely misses you.
You mangle the lorocyproca!!
The lorocyproca is severely wounded.
You eviscerate the lorocyproca!!!
You kill the lorocyproca!
Trog accepts your kill.
Your skin stops crawling.
You feel less strong-willed.
Your Unarmed Combat skill increases to level 22!
You have reached level 15!
Your experience leads to an increase in your attributes!
Your base attributes are Str 15, Int 11, Dex 19.
Increase (S)trength, (I)ntelligence, or (D)exterity?
You feel agile. x2
Unknown command.
Unknown command.
Unknown command.
There is a staircase leading out of the dungeon, spattered with blood here.
You feel more experienced!
Your Evocations skill increases to level 16!
You have reached level 16!
You feel clever.
Unknown command.
You have escaped!

##########)~#+++#○°'#####....#.##
#########~~~....°°°..#..'....#..#
....∩.∩.#~~~~.##'##..#..####.#..#
...∩.∩..#~~~~##.#.##.####..'.##.#
..∩.∩...#~~~~#..#..#....#..#...##
.⌠.∩....#~~####.#.####..#####..##
..∩.....#~##.###'###.##..#..'..#.
...∩.∩..#~##..##)##.#.#..#..#^.#.
....∩.∩.'~'##.'.@.'###'..####.^##
.....∩.∩#~#.#.##)##.#.#....###...
▓▓▓▓▓▓###~##.###'###.##......~~~~
$.$######~~#####.#####~~.§...~#'#
)[Z#ll ##~~~#..#..#~§§§~~~§.~#..
∩PZ+..# #'#~##.#.##~~~§~§§~.~#._
$.k#$##~ #.#~~##°##~~~§§§§~~§~#_.
)$.###.~ ###*~~~○~~~~~~≈≈≈≈§~~#._
#+ * '○○#+++#~≈≈≈§≈≈≈~#..


There were no monsters in sight!

Vanquished Creatures
  A pandemonium lord (D)
  A golden dragon (D)
  A bone dragon (D)
  An electric golem (D)
  A hellephant (D)
  3 Orb Guardians (D)
  Murray (D)
  A deep elf master archer (D)
  A sphinx (D)
  3 quicksilver dragons (D)
  A deep elf blademaster (D)
  Gastronok (D)
  A storm dragon (D)
  A frost giant (D)
  A draconian shifter (D)
  An angel (D)
  Nessos (D)
  4 lorocyprocas (D)
  A dire elephant (D)
  A crystal guardian (D)
  A great orb of eyes (D)
  2 boulder beetles (D)
  A death yak (D)
  Sonja (D)
  A sun demon (D)
  3 sixfirhies (D)
  2 deep trolls (D)
  2 death drakes (D)
  A large abomination (D)
  A glowing orange brain (D)
  A shadow demon (D)
  A harpy (D)
  3 orc sorcerers (D)
  7 shining eyes (D)
  An ice statue (D)
  A yaktaur (D)
  A tormentor (D)
  An unseen horror (D)
  An ice devil (D)
  A hellwing (D)
  3 polar bears (D)
  A hornet (D)
  4 glass eyes (D)
  3 yaks (D)
  2 wyverns (D)
  2 redbacks (D)
  3 neqoxecs (D)
  2 swamp drakes (D)
  3 black bears (D)
  4 laughing skulls (D)
  4 crocodiles (D)
  4 weeping skulls (D)
  An earth elemental (D)
  A necrophage (D)
  4 scorpions (D)
  4 lava snakes (D)
  A jelly (D)
  An iron imp (D)
  A hell rat (D)
  A ballistomycete spore (D)
109 creatures vanquished.

Vanquished Creatures (collateral kills)
  A golden dragon (D)
  A sphinx (D)
  Kirke (D)
  A kraken (D)
  A storm dragon (D)
  A cacodemon (D)
  A demonspawn blood saint (D)
  A blizzard demon (D)
  An iron golem (D)
  A fire dragon (D)
  A deep elf high priest (D)
  A yaktaur captain (D)
  An ice dragon (D)
  An iron elemental (D)
  A centaur warrior (D)
  A skeletal warrior (D)
  7 shining eyes (D)
  A large abomination (D)
  A toenail golem (D)
  3 manticores (D)
  An elephant (D)
  An eye of devastation (D)
  A smoke demon (D)
  A kobold demonologist (D)
  An orange demon (D)
  2 cane toads (D)
  An unseen horror (D)
  2 polar bears (D)
  6 glass eyes (D)
  2 wyverns (D)
  A laughing skull (D)
  2 weeping skulls (D)
  An earth elemental (D)
50 creatures vanquished.

Vanquished Creatures (others)
  A sixfirhy (D)
  A shining eye (D)
  A ynoxinul (D)
  A neqoxec (D)
  Menkaure (D)
  A crocodile (D)
  A ballistomycete spore (D)
  8 tentacles (D)
15 creatures vanquished.

Grand Total: 174 creatures vanquished

Notes
Turn   | Place    | Note
-------+----------+-------------------------------------------
     0 | D        | Groucho the Felid Berserker began the quest for the Orb.
     0 | D        | Reached XP level 1. HP: 12/12 MP: 2/2
     1 | D        | Noticed a boulder beetle
     1 | D        | Noticed a boulder beetle
     4 | D        | Noticed a wyvern
     4 | D        | Noticed a wyvern
     4 | D        | Killed a crocodile
     7 | D        | Noticed a scorpion
     7 | D        | Noticed a scorpion
    13 | D        | Killed a scorpion
    14 | D        | Reached skill level 5 in Dodging
    14 | D        | Reached XP level 2. HP: 18/18 MP: 3/3
    14 | D        | Reached XP level 3. HP: 21/21 MP: 4/4
    17 | D        | Killed a scorpion
    18 | D        | Reached skill level 5 in Fighting
    18 | D        | Reached skill level 6 in Dodging
    18 | D        | Reached skill level 5 in Unarmed Combat
    18 | D        | Reached XP level 4. HP: 27/27 MP: 5/5
    18 | D        | Gained a life (2 lives remaining)
    52 | D        | Noticed a scorpion
    52 | D        | Noticed a scorpion
    54 | D        | Killed a scorpion
    54 | D        | Reached ** piety under Trog
    55 | D        | Reached skill level 7 in Dodging
    55 | D        | Reached XP level 5. HP: 18/32 MP: 6/6
    60 | D        | Reached skill level 8 in Dodging
    60 | D        | Reached skill level 10 in Stealth
    65 | D        | Noticed a neqoxec
    65 | D        | Noticed a neqoxec
    65 | D        | Noticed a neqoxec
    65 | D        | Noticed a neqoxec
    70 | D        | Killed a neqoxec
    71 | D        | Reached skill level 9 in Dodging
    71 | D        | Gained mutation: You are covered in thick fur. (AC +2)
                  | [Felid growth]
    71 | D        | Reached XP level 6. HP: 29/37 MP: 5/7
    76 | D        | Killed a neqoxec
    84 | D        | Killed a neqoxec
    84 | D        | Reached *** piety under Trog
    85 | D        | Reached skill level 10 in Dodging
    85 | D        | Reached XP level 7. HP: 23/42 MP: 3/8
    87 | D        | Killed Menkaure
   240 | D        | Killed a wyvern
   243 | D        | Killed a wyvern
   244 | D        | Reached skill level 15 in Stealth
   265 | D        | Killed a boulder beetle
   266 | D        | Reached skill level 11 in Dodging
   266 | D        | Reached XP level 8. HP: 29/49 MP: 9/9
   550 | D        | Found Qegigaodghu's Antique Weapon Shop.
   551 | D        | Found Vourgha Mubo's Jewellery Boutique.
   551 | D        | Found Nieg's Magic Scroll Shop.
   551 | D        | Found Haoppap's Book Shop.
   551 | D        | Found Loneg's Antique Armour Shop.
   551 | D        | Found Eshruse's Antique Armour Shop.
   551 | D        | Found Jumaovun's Distillery.
   552 | D        | Found Leorch's Armour Shop.
   552 | D        | Found Opnoty's Distillery.
   552 | D        | Found Xief's Jewellery Boutique.
   552 | D        | Found Pitaxy's Distillery.
   552 | D        | Found Cihuz's Assorted Antiques.
   564 | D        | Found Yjoeq's Antique Armour Shop.
   564 | D        | Found Pyotus's Weapon Boutique.
   565 | D        | Noticed an oklob plant
   569 | D        | Found Qayr's Book Shoppe.
   582 | D        | Killed a boulder beetle
   583 | D        | Reached skill level 12 in Dodging
   583 | D        | Reached XP level 9. HP: 20/54 MP: 10/10
   695 | D        | Bought a ring of flight for 210 gold pieces
   707 | D        | Reached **** piety under Trog
   743 | D        | Bought the ring "Xofemoce" {AC+4 Slay+3} for 556 gold
                  | pieces
   762 | D        | Found a hazy altar of Hepliaklqana.
   762 | D        | Found a snail-covered altar of Cheibriados.
   763 | D        | Found a stormy altar of Qazlal.
   763 | D        | Found a viscous altar of Jiyva.
   763 | D        | Found a shadowy altar of Dithmenos.
   764 | D        | Found a sacrificial altar of Ru.
   764 | D        | Found an ancient bone altar of Kikubaaqudgha.
   764 | D        | Found a white marble altar of Elyvilon.
   765 | D        | Found an ornate altar of the Wu Jian Council.
   765 | D        | Found a shimmering blue altar of Sif Muna.
   765 | D        | Found a corrupted altar of Lugonu.
   766 | D        | Found a shimmering altar of Xom.
   766 | D        | Found a bloodstained altar of Trog.
   766 | D        | Found a burning altar of Makhleb.
   767 | D        | Found a glowing golden altar of the Shining One.
   767 | D        | Found a basalt altar of Yredelemnul.
   767 | D        | Found a hide-covered altar of Uskayaw.
   768 | D        | Found a glowing silver altar of Zin.
   769 | D        | Noticed a yaktaur
   769 | D        | Noticed a polar bear
   770 | D        | Noticed a polar bear
   770 | D        | Noticed a polar bear
   771 | D        | Killed a polar bear
   772 | D        | Reached skill level 10 in Fighting
   772 | D        | Reached skill level 10 in Unarmed Combat
   772 | D        | Killed a polar bear
   773 | D        | Reached skill level 13 in Dodging
   774 | D        | Killed a polar bear
   775 | D        | Reached ***** piety under Trog
   777 | D        | Killed a yaktaur
   813 | D        | Reached skill level 14 in Dodging
   816 | D        | Reached XP level 10. HP: 60/60 MP: 11/11
   820 | D        | Noticed a deep elf master archer
   823 | D        | Noticed a manticore
   823 | D        | Noticed a manticore
   823 | D        | Noticed a manticore
   827 | D        | Killed a manticore
   829 | D        | Killed a manticore
   831 | D        | Killed a manticore
  1187 | D        | Killed a deep elf master archer
  1188 | D        | Reached skill level 15 in Dodging
  1200 | D        | Noticed a death drake
  1201 | D        | Noticed a death drake
  1201 | D        | Noticed a crystal guardian
  1204 | D        | Killed a crystal guardian
  1206 | D        | Killed a death drake
  1207 | D        | Reached skill level 16 in Dodging
  1214 | D        | Killed a death drake
  1215 | D        | Reached XP level 11. HP: 19/67 MP: 12/12
  1215 | D        | Succumbed to poison (dark miasma)
  1215 | D        | Lost a life (1 life remaining)
  1294 | D        | Noticed a kraken
  1323 | D        | Found a radiant altar of Vehumet.
  1333 | D        | Killed a kraken
  1520 | D        | Found a sparkling altar of Nemelex Xobeh.
  1520 | D        | Found a blossoming altar of Fedhas.
  1521 | D        | Found an iron altar of Okawaru.
  1521 | D        | Found an opulent altar of Gozag.
  1536 | D        | Noticed a deep troll
  1537 | D        | Noticed a deep troll
  1539 | D        | Killed a deep troll
  1539 | D        | Reached ****** piety under Trog
  1540 | D        | Killed a deep troll
  1560 | D        | Noticed a sphinx
  1561 | D        | Noticed a sphinx
  1567 | D        | Killed a sphinx
  1568 | D        | Reached skill level 17 in Dodging
  1568 | D        | Killed a sphinx
  1634 | D        | Noticed an orange crystal statue
  1664 | D        | HP: 1/62 [laughing skull/bolt of negative energy (23)]
  1942 | D        | Noticed an ice dragon
  1956 | D        | Killed an ice dragon
  1957 | D        | Reached skill level 18 in Dodging
  1965 | D        | Noticed an iron elemental
  1968 | D        | Noticed a fire dragon
  1971 | D        | Killed an iron elemental
  1972 | D        | Gained mutation: Your thick and shaggy fur keeps you warm.
                  | (AC +3, rC+) [Felid growth]
  1972 | D        | Reached XP level 12. HP: 37/75 MP: 13/13
  1972 | D        | Gained a life (2 lives remaining)
  1973 | D        | Killed a fire dragon
  2071 | D        | Noticed a purple draconian shifter
  2072 | D        | Noticed a hellephant
  2072 | D        | Noticed Sonja
  2073 | D        | Killed a purple draconian shifter
  2074 | D        | Reached skill level 15 in Fighting
  2074 | D        | Reached skill level 19 in Dodging
  2074 | D        | Reached skill level 15 in Unarmed Combat
  2295 | D        | Killed Sonja
  2410 | D        | Killed a hellephant
  2641 | D        | Noticed a deep elf blademaster
  2648 | D        | Killed a deep elf blademaster
  2649 | D        | Reached skill level 20 in Dodging
  2848 | D        | Bought the ring "Pubac" {Ice rElec rN+} for 432 gold pieces
  3133 | D        | Noticed a golden dragon
  3150 | D        | Killed a golden dragon
  3151 | D        | Reached skill level 21 in Dodging
  3279 | D        | Found Aptuer's Magic Scroll Boutique.
  3279 | D        | Found Sokarox's Antique Armour Shoppe.
  3279 | D        | Found Huichoedgh's Jewellery Emporium.
  3279 | D        | Found Toxeiteru's Assorted Antiques.
  3279 | D        | Noticed a storm dragon
  3283 | D        | Killed a storm dragon
  3291 | D        | Bought a scroll of identify for 26 gold pieces
  3300 | D        | Bought a ring of poison resistance for 260 gold pieces
  3381 | D        | Noticed Kirke
  3425 | D        | Noticed a centaur warrior
  3425 | D        | Noticed a cacodemon
  3425 | D        | Noticed a yaktaur captain
  3426 | D        | Noticed a golden dragon
  3432 | D        | Killed a yaktaur captain
  3432 | D        | Killed a centaur warrior
  3436 | D        | Killed Kirke
  3437 | D        | Reached skill level 22 in Dodging
  3437 | D        | Reached XP level 13. HP: 84/84 MP: 14/14
  3438 | D        | Killed a cacodemon
  3445 | D        | Killed a golden dragon
  3448 | D        | Noticed a bone dragon
  3449 | D        | Noticed a storm dragon
  3454 | D        | Killed a storm dragon
  3455 | D        | Noticed a frost giant
  3461 | D        | Killed a bone dragon
  3462 | D        | Reached skill level 23 in Dodging
  3476 | D        | Killed a frost giant
  3476 | D        | Gained mutation: Your spells are a little easier to cast,
                  | but a little less powerful. [a shining eye]
  3680 | D        | Gained mutation: You are frail. (-10% HP) [a shining eye]
  3682 | D        | Gained mutation: You occasionally lose the ability to read
                  | scrolls when taking damage. [a shining eye]
  3778 | D        | Found Ypusury's Assorted Antiques.
  3778 | D        | Found Ubloer's Armour Shop.
  3779 | D        | Found Iwut's Armour Shop.
  3779 | D        | Found Zititho's Armour Shoppe.
  3779 | D        | Found Sidwuan's Magic Scroll Boutique.
  3779 | D        | Found Doky's General Store.
  3779 | D        | Found Cyskuyt's Assorted Antiques.
  3779 | D        | Found Jacijak's Antique Armour Shoppe.
  3779 | D        | Found Jiles's General Store.
  3779 | D        | Found Eroik's Magic Scroll Emporium.
  3779 | D        | Found Tyrphupn's General Store.
  3779 | D        | Found Piholuh's Antique Armour Shoppe.
  3786 | D        | Bought a flickering platinum ring for 105 gold pieces
  3786 | D        | Identified the ring "Feecler" {EV+5 SInv} (You bought it in
                  | a shop in the Dungeon)
  3793 | D        | Bought an emerald potion for 25 gold pieces
  3793 | D        | Bought a fuming ruby potion for 25 gold pieces
  3793 | D        | Bought a scroll of identify for 56 gold pieces
  3793 | D        | Bought a scroll labelled JIEVU COJU for 28 gold pieces
  3793 | D        | Bought a scroll labelled WEEPEG CIV for 28 gold pieces
  3798 | D        | Bought a scroll of identify for 24 gold pieces
  3798 | D        | Bought a scroll of poison for 48 gold pieces
  3798 | D        | Bought a scroll of identify for 24 gold pieces
  3798 | D        | Bought a scroll of torment for 114 gold pieces
  3800 | D        | Bought a scroll of blinking for 157 gold pieces
  3800 | D        | Bought a potion of resistance for 210 gold pieces
  3800 | D        | Bought 2 potions of might for 168 gold pieces
  3802 | D        | Bought a potion of mutation for 112 gold pieces
  3803 | D        | Bought a scroll of blinking for 82 gold pieces
  3803 | D        | Bought 3 scrolls of immolation for 132 gold pieces
  3803 | D        | Bought a scroll of vulnerability for 44 gold pieces
  3903 | D        | Bought a ring of protection from fire for 250 gold pieces
  3903 | D        | Bought the ring of Suirytam {rN+ EV+5 Str+3} for 535 gold
                  | pieces
  4033 | D        | Reached skill level 24 in Dodging
  4048 | D        | Gained mutation: Your muscles are strong. (Str +4, Int/Dex
                  | -1) [a shining eye]
  4055 | D        | Reached skill level 25 in Dodging
  4084 | D        | Lost mutation: You occasionally lose the ability to read
                  | scrolls when taking damage. [potion of mutation]
  4084 | D        | Lost mutation: Your muscles are strong. (Str +4, Int/Dex
                  | -1) [potion of mutation]
  4084 | D        | Gained mutation: Your muscles are strong. (Str +4, Int/Dex
                  | -1) [potion of mutation]
  4085 | D        | Lost mutation: You are frail. (-10% HP) [potion of
                  | mutation]
  4085 | D        | Lost mutation: Your spells are a little easier to cast, but
                  | a little less powerful. [potion of mutation]
  4085 | D        | Gained mutation: You are agile. (Dex +4, Str/Int -1)
                  | [potion of mutation]
  4085 | D        | Gained mutation: You passively map a small area around you.
                  | [potion of mutation]
  4787 | D        | Noticed an electric golem
  4787 | D        | Noticed an iron golem
  4789 | D        | Killed an electric golem
  4811 | D        | Killed an iron golem
  4812 | D        | Reached XP level 14. HP: 94/94 MP: 15/15
  5093 | D        | Reached skill level 5 in Evocations
  5126 | D        | Identified the staff of Irateaw {rF+ rC+ rN+ SInv Fire Air}
  5135 | D        | Identified the +1 hand axe of Paper {flame, *Noise Int+2
                  | Dex+2}
  5168 | D        | Identified the +4 mace of Uffin {freeze, rF++ Stlth+}
  5185 | D        | Noticed Gastronok
  5187 | D        | Killed Gastronok
  5211 | D        | Found Egurghemn's Book Shoppe.
  5212 | D        | Found Perel's Antique Armour Boutique.
  5231 | D        | Found Hoeps's Book Emporium.
  5233 | D        | Found Vinocop's Assorted Antiques.
  5235 | D        | Noticed Nessos
  5244 | D        | Killed Nessos
  5434 | D        | Noticed a quicksilver dragon
  5436 | D        | Killed a quicksilver dragon
  5464 | D        | Noticed a quicksilver dragon
  5464 | D        | Noticed a quicksilver dragon
  5466 | D        | Killed a quicksilver dragon
  5469 | D        | Reached skill level 26 in Dodging
  5470 | D        | Killed a quicksilver dragon
  5471 | D        | Reached skill level 10 in Evocations
  5800 | D        | Noticed Murray
  5810 | D        | Killed Murray
  5875 | D        | Got the Orb of Zot
  5887 | D        | Noticed a seraph
  5887 | D        | Noticed an angel
  5890 | D        | Noticed an angel
  5973 | D        | Noticed an Orb Guardian
  6058 | D        | Noticed an Orb Guardian
  6065 | D        | Killed an Orb Guardian
  6078 | D        | Noticed a demonspawn blood saint
  6082 | D        | Killed a demonspawn blood saint
  6096 | D        | Killed an Orb Guardian
  6289 | D        | Noticed an angel
  6297 | D        | Killed an angel
  6307 | D        | Noticed Fiodupip the pandemonium lord
  6313 | D        | Killed Fiodupip the pandemonium lord
  6314 | D        | Reached skill level 27 in Dodging
  6315 | D        | Reached skill level 15 in Evocations
  6374 | D        | Noticed an Orb Guardian
  6380 | D        | Killed an Orb Guardian
  6486 | D        | Reached XP level 15. HP: 51/102 MP: 4/16
  6487 | D        | Reached XP level 16. HP: 54/107 MP: 4/17
  6489 | D        | Escaped with the Orb!

Illustrated notes

Levels and vault maps discovered:
D:        the_violet_keep_of_menkaure [sprint2_stairs_cluster_1,
          sprint2_shoproom, sprint2_temple, sprint2_basic_supplies,
          sprint2_obstacle_1, sprint2_obstacle_4, sprint2_obstacle_2,
          sprint2_obstacle_6, sprint2_obstacle_5, sprint2_timed_cluster_1,
          sprint2_smallroom_cluster_1, sprint2_smallroom_final_cluster_1,
          sprint2_transparent_cluster_1, sprint2_second_timed_cluster_1,
          sprint2_sniper_area_1, sprint2_heavy_combat_area_1,
          sprint2_mutation_trap_area_1, sprint2_forest_area_1,
          sprint2_light_combat_area_1, sprint2_behind_water_1,
          sprint2_near_end_vault_1]

Skill      XL: |  1  2  3  4  5  6  7  8  9 10 11 12 13 14 15 |
---------------+----------------------------------------------+-----
Fighting       | 4 5 6 7 9 11 12 14 17 20 22 | 22.2
Dodging        | 5 6 7 9 10 11 12 14 16 18 22 25 27 | 27.0
Stealth        | 6 8 9 12 13 16 17 20 23 25 | 25.1
Unarmed Combat | 4 5 6 7 9 11 12 14 17 20 22 | 22.1
Evocations     | 4 15 16 | 16.2

Action                     |  1- 3 |  4- 6 |  7- 9 | 10-12 | 13-15 | 16-18 || total
---------------------------+-------+-------+-------+-------+-------+-------++-------
  Melee: Unarmed           |     9 |    21 |    59 |    85 |   170 |       ||   344
         Bite              |     1 |     2 |     6 |    16 |    17 |       ||    42
         Punch             |       |     1 |     5 |     9 |    23 |       ||    38
 Invoke: Berserk           |     1 |     1 |     2 |     7 |     3 |       ||    14
         Trog's Hand       |       |     2 |     3 |    13 |    15 |       ||    33
         Brothers in Arms  |       |       |       |    15 |    17 |       ||    32
  Evoke: Box of beasts     |       |       |       |       |     1 |       ||     1
         Lightning rod     |       |       |       |       |     1 |       ||     1
    Use: Potion            |       |       |     1 |     4 |    11 |       ||    16
         Scroll            |       |       |       |     6 |     3 |       ||     9
   Stab: Sleeping          |       |     1 |    11 |    12 |    13 |       ||    37
         Distracted        |       |       |       |     2 |     5 |       ||     7
 Armour: Skin              |       |     2 |    14 |    63 |    63 |       ||   142
  Dodge: Dodged            |     5 |    11 |    34 |   132 |   107 |       ||   289

Table legend: (Time is in decaauts)
 A = Elapsed time spent in this place.
 B = Non-inter-level travel time spent in this place.
 C = Inter-level travel time spent in this place.
 D = Time resting spent in this place.
 E = Time spent auto-exploring this place.
 F = Levels seen in this place.
 G = Mean time per level.
                   A        B        C        D        E       F      G
               +--------+--------+--------+--------+--------+-----+--------+
         Total |   6452 |   6364 |     88 |   3496 |    117 |   1 | 6452.0 |
       Dungeon |   6452 |   6364 |     88 |   3496 |    117 |   1 | 6452.0 |
               +--------+--------+--------+--------+--------+-----+--------+

Top non-repeatable levels by time:
       D: 6452 daAuts
